 Dungeon Crawl Stone Soup version 0.30-a0-996-ga6910c8ee8 (webtiles) character file.

Game seed: 10362590707374927457

12079 ytrimaz the Brawler (level 11, 0/84 HPs)
             Began as a Troll Monk on Apr 5, 2023.
             Was an Elder of Hepliaklqana.
             Slain by a shadow (15 damage)
             ... on level 10 of the Dungeon.
             The game lasted 00:11:02 (7792 turns).

ytrimaz the Brawler (Troll Monk)                    Turns: 7792, Time: 00:11:02

Health: 0/84       AC: 10    Str: 21    XL:     11   Next: 57%
Magic:  10/10      EV: 13    Int: 10    God:    Hepliaklqana [****..]
Gold:   415        SH:  0    Dex: 14    Spells: 8/10 levels left

rFire   . . .      SeeInvis .      - Unarmed
rCold   . . .      Faith    .    (no shield)
rNeg    . . .      Spirit   .    D - +0 troll leather armour
rPois   +          Reflect  .    (helmet restricted)
rElec   .          Rampage  .    p - +0 cloak
rCorr   .                        (gloves unavailable)
Will    .....                    (boots unavailable)
Stlth   ++                       M - amulet of regeneration
HPRegen 2.74/turn                N - ring of poison resistance
MPRegen 0.12/turn                K - +4 ring of slaying

@: no status effects
A: reduced essence, large, unfitting armour, claws 3, regeneration 1, shaggy fur
2, tough skin 1, iridescent scales 1, thin skeletal structure 1
a: Renounce Religion, Recall Ancestor, Ancestor Identity, Transference, Idealise


You were on level 10 of the Dungeon.
You worshipped Hepliaklqana.
Hepliaklqana was greatly pleased with you.
You visited 2 branches of the dungeon, and saw 11 of its levels.

You collected 530 gold pieces.
You spent 115 gold pieces at shops.


Innate Abilities, Weirdness & Mutations

Your life essence is reduced to manifest your ancestor. (-10% HP)
You are too large for most types of armour.
You have claws for hands.
Your natural rate of healing is unusually fast.
You are covered in thick fur. (AC +2)
You have tough skin. (AC +1)
You are partially covered in iridescent scales. (AC +2)
You have a somewhat thin skeletal structure. (Dex +2, Stealth+)


   Skills:
 - Level 2.4 Fighting
 + Level 9.5 Dodging
 - Level 1.0 Stealth
 * Level 15.3 Unarmed Combat


You had 8 spell levels left.
You knew the following spells:

 Your Spells              Type           Power      Damage    Failure   Level
a - Wereblood             Tmut           0%         N/A       54%         2

Your spell library contained the following spells:

 Spells                   Type           Power      Damage    Failure   Level
 Beastly Appendage        Tmut           0%         N/A       41%         1
 Blink                    Tloc           0%         N/A       54%         2
 Lesser Beckoning         Tloc           0%         N/A       54%         2
 Momentum Strike          Conj/Tloc      0%         3d8       54%         2
 Gell's Gravitas          Tloc           0%         N/A       78%         3
 Kindle Blastsparks       Fire/Tloc/Air  0%         2d10      78%         3
 Spider Form              Tmut/Pois      0%         N/A       78%         3
 Teleport Other           Tloc           0%         N/A       78%         3
 Vhi's Electric Charge    Tloc/Air       0%         N/A       78%         3
 Fulminant Prism          Conj/Hex       0%         3d5       99%         4
 Iskenderun's Mystic Bla  Conj/Tloc      0%         2d3       99%         4
 Arcjolt                  Conj/Air       0%         1d10      100%        5
 Lee's Rapid Deconstruct  Erth           0%         3d4*      100%        5
 Dispersal                Tloc           0%         N/A       100%        6
 Maxwell's Capacitive Co  Air            0%         ∞         100%        8

Inventory:

Missiles
 k - 2 throwing nets
Armour
 a - a +1 robe
 p - a +0 cloak (worn)
   (You took it off Crazy Yiuf on level 3 of the Dungeon)
 v - +0 steam dragon scales
   (You found it on level 6 of the Dungeon)
 D - a +0 troll leather armour (worn)
   (You found it on level 8 of the Dungeon)
Jewellery
 t - an amulet of magic regeneration
   (You found it on level 6 of the Dungeon)
 u - an amulet of the acrobat
   (You found it on level 6 of the Dungeon)
 w - a ring of fire
   (You found it on level 6 of the Dungeon)
 I - a +6 ring of strength
   (You found it on level 9 of the Dungeon)
 K - a +4 ring of slaying (right claw)
   (You found it on level 10 of the Dungeon)
 M - an amulet of regeneration (around neck)
   (You bought it in a shop on level 10 of the Dungeon)
 N - a ring of poison resistance (left claw)
   (You found it on level 10 of the Dungeon)
Wands
 d - a wand of quicksilver (15)
   (You took it off Crazy Yiuf on level 3 of the Dungeon)
 n - a wand of roots (4)
   (You found it on level 3 of the Dungeon)
 y - a wand of flame (11)
   (You found it on level 8 of the Dungeon)
 C - a wand of charming (11)
   (You found it on level 8 of the Dungeon)
 J - a wand of digging (6)
   (You found it on level 9 of the Dungeon)
Scrolls
 c - 4 scrolls of fog
 g - 3 scrolls of teleportation
 h - a scroll of blinking
 m - 4 scrolls of enchant armour
 o - a scroll of acquirement
 x - 4 scrolls of fear
 A - a scroll of enchant weapon
 E - a scroll of amnesia
 G - a scroll of brand weapon
 L - a scroll of noise {unknown}
Potions
 b - 2 potions of ambrosia
 e - 4 potions of mutation
 f - 2 potions of magic
 i - 3 potions of might
 j - 4 potions of haste
 l - a potion of berserk rage {unknown}
 q - 2 potions of flight
 r - a potion of invisibility
 s - 2 potions of brilliance {unknown}
 z - 2 potions of lignification {unknown}
 B - a potion of resistance {unknown}
 F - a potion of degeneration {unknown}
 H - a potion of heal wounds {unknown}

Dungeon Overview and Level Annotations

Branches:
Dungeon (10/15) Zot: 26322  Temple (1/1) D:6 Zot: 5723
   Lair: D:8-11         Orc: D:9-12

Altars:
Ashenzari
Cheibriados
Dithmenos
Elyvilon
Fedhas
Gozag
Hepliaklqana
Kikubaaqudgha
Makhleb
Nemelex Xobeh
Okawaru
Qazlal
Ru
Sif Muna
Trog
Uskayaw
Vehumet
Wu Jian
Xom
Yredelemnul
Zin
The Shining One

Shops:
D:10

* ##.####.........#
..........####..#
##.####.#.......# #.#
#.######.## #.# #.#
#.# #.# #.#
###.######### #.# #.#
#............
#)####.##...###...###.
#....#.##.#. #@R.#
####.#.## # #O{.#
#.#.#...............
#.#.#.#.............
#.#.# ##............
#.#.# #.###...###..
#.#.# #. #...# ..
#>#.# # #$..# ###
#.#.# .....


You could see the friendly Zolin the hexer and a two-headed ogre.


Message History

Zolin hits the yak with a +0 dagger of draining!
Zolin drains the yak. 😕 HP[-6]
You take 6 damage, and now have 70/84 hp.
You scratch the yak. Your claw misses the yak.
Zolin hits the yak with a +0 dagger of draining!
The yak misses you. The yak gores you.
The yak barely misses Zolin. 😕 HP[+1]
You mangle the yak!!
You kill the yak!
Zolin barely misses the yak. x2 😕 HP[+2]
You regained 2 hp, and now have 73/84 hp.
You claw the yak! The yak gores you!
The yak gores Zolin!
Zolin hits the yak but does no damage. 😮 HP[-11]
You take 11 damage, and now have 62/84 hp.
You are too injured to fight recklessly!
You are too injured to fight recklessly!
You are too injured to fight recklessly!
You are too injured to fight recklessly!
You are too injured to fight recklessly!
You are too injured to fight recklessly!
You are too injured to fight recklessly!
You are too injured to fight recklessly!
You are too injured to fight recklessly!
You are too injured to fight recklessly!
You are too injured to fight recklessly!
You are too injured to fight recklessly!
You are too injured to fight recklessly!
You are too injured to fight recklessly!
Unknown command.
You scratch the yak.
Zolin hits the yak with a +0 dagger of draining!
The yak dies!
The yak gores you but does no damage. The shadow hits you.
Zolin hits the yak with a +0 dagger of draining. 😮 HP[-3]
You take 3 damage, and now have 59/84 hp.
You scratch the yak but do no damage.
Zolin casts a spell at the yak.
The yak resists with some effort.
The yak barely misses Zolin.
The shadow barely misses you. 😮 HP[+2]
You regained 2 hp, and now have 61/84 hp.
Unknown command.
You strike the helpless yak from behind!
You mangle the yak!!
You kill the yak! 😮 HP[+2]
You regained 2 hp, and now have 63/84 hp.
Zolin hits the shadow with a +0 dagger of draining!
The two-headed ogre hits you but does no damage.
The two-headed ogre hits you with a +0 giant club!!
The shadow slips into darkness.
The shadow flickers and vanishes!
Deactivating autopickup; reactivate with Ctrl-A.
Zolin gestures next to you while chanting.
Things that are here:
a yak corpse; a yak corpse; 😮 HP[-20]
You take 20 damage, and now have 43/84 hp.
MASSIVE DAMAGE!! (PAUSE)
You claw the two-headed ogre!
The shadow strikes at you from the darkness!
* * * LOW HITPOINT WARNING * * *
Reactivating autopickup.
Zolin barely misses the shadow.
The two-headed ogre misses you.
The two-headed ogre hits you with a +0 giant club.
* * * LOW HITPOINT WARNING * * *
😱 HP[-23]
You take 23 damage, and now have 20/84 hp.
MASSIVE DAMAGE!! (PAUSE)
You scratch the two-headed ogre.
You claw the two-headed ogre, but do no damage.
Zolin hits the shadow with a +0 dagger of draining.
The shadow hits you.
* * * LOW HITPOINT WARNING * * *
😱 HP[-2]
You take 2 damage, and now have 18/84 hp.
Unknown command.
Zolin completely misses the shadow.
Zolin hits the shadow but does no damage.
The shadow slips into darkness.
The shadow flickers and vanishes!
Deactivating autopickup; reactivate with Ctrl-A.
You see here a yak corpse. 😱 HP[+2]
You regained 2 hp, and now have 20/84 hp.
Unknown command.
You scratch the two-headed ogre.
Zolin closely misses something.
Zolin hits something with a +0 dagger of draining. 😨 HP[+2]
You regained 2 hp, and now have 22/84 hp.
Unknown command.
You scratch the two-headed ogre. You claw the two-headed ogre.
The two-headed ogre barely misses you.
The two-headed ogre hits you with a +0 giant club!
* * * LOW HITPOINT WARNING * * *
The shadow strikes at you from the darkness!
You die...

Skill      XL: |  1  2  3  4  5  6  7  8  9 10 11 |
---------------+----------------------------------+-----
Unarmed Combat | 4 5 6 8 10 12 14 15 | 15.3
Dodging        | 3 4 5 6 7 8 9 |  9.5
Fighting       | |  2.4
Stealth        | |  1.0

Action                     |  1- 3 |  4- 6 |  7- 9 | 10-12 || total
---------------------------+-------+-------+-------+-------++-------
  Melee: Unarmed           |    93 |    87 |   189 |   186 ||   555
         Punch             |     2 |     4 |     4 |    20 ||    30
   Cast: Wereblood         |       |       |       |     1 ||     1
 Invoke: Ancestor Life: He |       |       |     1 |       ||     1
         Recall Ancestor   |       |       |       |     1 ||     1
  Evoke: Wand              |       |       |       |    13 ||    13
    Use: Scroll            |     7 |     4 |     3 |     3 ||    17
         Potion            |     2 |       |     2 |     1 ||     5
   Stab: Sleeping          |     1 |     3 |     2 |     1 ||     7
         Confused          |       |       |    10 |     1 ||    11
         Distracted        |       |       |     2 |     2 ||     4
         Invisible         |       |       |       |     5 ||     5
 Armour: Robe              |    33 |    31 |    15 |       ||    79
         Steam dragon scal |       |       |    45 |     1 ||    46
         Troll leather arm |       |       |       |    35 ||    35
  Dodge: Dodged            |    46 |    49 |   126 |   101 ||   322

Levels and vault maps discovered:
D:1:      matt_arrival_spirals, layout_loops_ring,
          hangedman_abyss_or_decor_lesser_grid
D:2:      layout_basic, roderic_lattice_a
D:3:      layout_loops_cross, st_stairs_7, uniq_crazy_yiuf_cottage
D:4:      layout_loops_ring, xom_confusion_cloud
D:5:      layout_basic, uniq_edmund
D:6:      layout_basic, grunt_gozag_breadcrumbs,
          nicolae_qazlal_general_emergency, minmay_temple_entry_wispy,
          uniq_maggie, uniq_duvessa, uniq_prince_ribbit1
D:7:      layout_rooms, cheibrodos_worm_habitat, kennysheep_minor_cross
D:8:      layout_loops_ring, kb_rosetta, uniq_pikel
D:9:      layout_loops_ring, minivault_8
D:10:     layout_loops_ring, serial_shops, shop, minmay_misc_feat_cross,
          worms_lemuel, uniq_urug
Temple:   mainiacjoe_temple_bowtie_tessellation

Notes
Turn   | Place    | Note
-------+----------+-------------------------------------------
     0 | D:1      | ytrimaz the Troll Monk began the quest for the Orb.
     0 | D:1      | Reached XP level 1. HP: 22/22 MP: 0/0
     0 | D:1      | magus.rc [v1.9.6]
   234 | D:1      | Reached XP level 2. HP: 27/29 MP: 1/1
   905 | D:2      | Reached XP level 3. HP: 36/36 MP: 2/2
  1361 | D:2      | You add the spells Gell's Gravitas, Teleport Other and
                  | Dispersal to your library.
  1645 | D:3      | Reached skill level 4 in Unarmed Combat
  1706 | D:3      | Identified the staff of earth "Ogehame" {rPois rN+++ MP-9
                  | Dex+3}
  2031 | D:3      | HP: 9/36 [dart slug/slug dart (3)]
  2036 | D:3      | HP: 6/36 [worm (8)]
  2038 | D:3      | Reached skill level 3 in Dodging
  2174 | D:3      | Found a runed translucent door.
  2175 | D:3      | Noticed Crazy Yiuf
  2335 | D:3      | Gained mutation: You are partially covered in iridescent
                  | scales. (AC +2) [potion of mutation]
  2335 | D:3      | Gained mutation: You are covered in thick fur. (AC +2)
                  | [potion of mutation]
  2335 | D:3      | Gained mutation: You have a somewhat thin skeletal
                  | structure. (Dex +2, Stealth+) [potion of mutation]
  2344 | D:3      | Killed Crazy Yiuf
  2345 | D:3      | Reached XP level 4. HP: 26/44 MP: 3/3
  2389 | D:4      | Found a shimmering altar of Xom.
  2389 | D:4      | Noticed a centaur
  2406 | D:4      | Killed a centaur
  2407 | D:4      | Reached skill level 5 in Unarmed Combat
  2407 | D:4      | Reached XP level 5. HP: 49/50 MP: 4/4
  2559 | D:4      | Reached XP level 6. HP: 40/59 MP: 5/5
  2619 | D:4      | Identified a scroll of acquirement
  2711 | D:4      | Reached skill level 6 in Unarmed Combat
  2798 | D:4      | Reached skill level 4 in Dodging
  3154 | D:5      | Entered Level 5 of the Dungeon
  3263 | D:5      | You add the spells Vhi's Electric Charge, Arcjolt and
                  | Maxwell's Capacitive Coupling to your library.
  3280 | D:5      | Reached XP level 7. HP: 57/66 MP: 6/6
  3394 | D:5      | Noticed Edmund
  3421 | D:5      | Reached skill level 7 in Unarmed Combat
  3421 | D:5      | Killed Edmund
  3768 | D:6      | Found a staircase to the Ecumenical Temple.
  3795 | D:6      | Reached skill level 5 in Dodging
  3795 | D:6      | Reached skill level 8 in Unarmed Combat
  3803 | Temple   | Entered the Ecumenical Temple
  4053 | Temple   | Became a worshipper of Hepliaklqana the Forgotten
  4053 | Temple   | Reached * piety under Hepliaklqana
  4053 | Temple   | Reached ** piety under Hepliaklqana
  4054 | Temple   | Remembered your ancestor Zolin as a hexer
  4114 | D:6      | Reached XP level 8. HP: 51/66 MP: 7/7
  4207 | D:6      | Found an opulent altar of Gozag.
  4274 | D:6      | Noticed Dowan
  4280 | D:6      | Noticed Duvessa
  4286 | D:6      | Killed Dowan
  4287 | D:6      | Reached skill level 9 in Unarmed Combat
  4291 | D:6      | Killed Duvessa
  4368 | D:6      | Noticed Maggie
  4380 | D:6      | Killed Maggie
  4381 | D:6      | Reached skill level 6 in Dodging
  4387 | D:6      | Reached skill level 10 in Unarmed Combat
  4416 | D:6      | Found a stormy altar of Qazlal.
  4561 | D:6      | Reached XP level 9. HP: 72/72 MP: 8/8
  4727 | D:6      | Noticed Prince Ribbit
  4734 | D:6      | Killed Prince Ribbit
  4974 | D:7      | Reached skill level 11 in Unarmed Combat
  5051 | D:7      | Reached skill level 7 in Dodging
  5463 | D:7      | Found a snail-covered altar of Cheibriados.
  5640 | D:8      | Noticed a centaur warrior
  5640 | D:8      | Noticed a troll
  5649 | D:8      | Reached skill level 12 in Unarmed Combat
  5661 | D:8      | Killed a centaur warrior
  5662 | D:8      | Reached XP level 10. HP: 70/79 MP: 9/9
  5960 | D:8      | Noticed Pikel
  5975 | D:8      | Killed Pikel
  6155 | D:8      | Reached *** piety under Hepliaklqana
  6314 | D:9      | Identified a +1 robe of the Archmagi
  6324 | D:9      | Reached skill level 13 in Unarmed Combat
  6331 | D:9      | Reached skill level 8 in Dodging
  6474 | D:9      | Noticed a molten gargoyle
  6475 | D:9      | Noticed a molten gargoyle
  6476 | D:9      | Noticed a molten gargoyle
  6481 | D:9      | Killed a molten gargoyle
  6652 | D:9      | You pick up a book of Changes and begin reading...
  6652 | D:9      | You add the spells Beastly Appendage, Wereblood and Spider
                  | Form to your library.
  6753 | D:9      | Learned a level 2 spell: Wereblood
  6896 | D:9      | Killed a molten gargoyle
  6909 | D:9      | HP: 19/79 [molten gargoyle/+0 mace (13)]
  6912 | D:9      | Killed a molten gargoyle
  6915 | D:9      | Noticed a molten gargoyle
  6936 | D:9      | Killed a molten gargoyle
  6937 | D:9      | Reached skill level 14 in Unarmed Combat
  6947 | D:9      | Reached XP level 11. HP: 69/84 MP: 10/10
  7093 | D:10     | Entered Level 10 of the Dungeon
  7132 | D:10     | HP: 19/84 [swamp worm (10)]
  7135 | D:10     | HP: 4/84 [swamp worm (19)]
  7234 | D:10     | You pick up a book of Blasting and begin reading...
  7234 | D:10     | You add the spells Kindle Blastsparks, Fulminant Prism,
                  | Iskenderun's Mystic Blast and Lee's Rapid Deconstruction to
                  | your library.
  7416 | D:10     | You pick up a book of Spatial Translocations and begin
                  | reading...
  7416 | D:10     | You add the spells Blink, Momentum Strike and Lesser
                  | Beckoning to your library.
  7447 | D:10     | Found Hagunopa's Assorted Antiques.
  7455 | D:10     | Reached skill level 9 in Dodging
  7498 | D:10     | Bought a small peridot amulet for 115 gold pieces
  7553 | D:10     | Reached **** piety under Hepliaklqana
  7571 | D:10     | Noticed Urug
  7591 | D:10     | Killed Urug
  7592 | D:10     | Reached skill level 15 in Unarmed Combat
  7776 | D:10     | Noticed a two-headed ogre
  7788 | D:10     | HP: 20/84 [two-headed ogre/+0 giant club (3)]
  7792 | D:10     | Slain by a shadow

Vanquished Creatures
  A centaur warrior (D:8)
  Urug (D:10)
  Pikel (D:8)
  2 molten gargoyles (D:9)
  Maggie (D:6)
  A troll (D:8)
  24 yaks
  A wraith (D:9)
  2 steam dragons
  2 vampire mosquitoes (D:8)
  Edmund (D:5)
  2 swamp worms (D:10)
  2 water moccasins
  Duvessa (D:6)
  A black bear (D:7)
  3 sky beasts
  2 ice beasts
  3 centaurs
  A lemure (D:8)
  A phantom (D:6)
  5 bullfrogs
  2 kobold brigands
  3 scorpions
  8 wights
  4 killer bees (D:7)
  A howler monkey (D:9)
  2 jellies (D:5)
  2 orc priests
  A hound (D:7)
  2 sleepcaps
  Crazy Yiuf (D:3)
  5 iguanas
  4 orc wizards
  7 gnolls
  8 adders
  A shadow imp (D:7)
  3 worms
  2 dart slugs (D:3)
  14 orcs
  4 bats (D:1)
  5 endoplasms
  4 giant cockroaches
  7 goblins
  4 hobgoblins
  2 jackals (D:5)
  15 kobolds
  3 quokkas
  A ball python (D:2)
  A frilled lizard (D:2)
  3 rats
177 creatures vanquished.

Vanquished Creatures (collateral kills)
  A molten gargoyle (D:9)
  Prince Ribbit (D:6)
  2 yaks
  A steam dragon (D:9)
  A swamp worm (D:10)
  A sky beast (D:7)
  An ogre (D:6)
  A centaur (D:10)
  3 wights
  Dowan (D:6)
  A hound (D:7)
  A sleepcap (D:8)
  3 orc wizards
  3 orcs
  A kobold (D:9)
22 creatures vanquished.

Vanquished Creatures (others)
  A molten gargoyle (D:9)
  A yak (D:9)
  4 hexers
  3 plants (D:10)
9 creatures vanquished.

Grand Total: 208 creatures vanquished

Table legend:
 A = Non-vault XP
 B = Vault XP
 C = Vault XP percentage of total XP
 D = Non-vault monster count
 E = Vault monster count
 F = Vault count percentage of total count
                 A         B        C        D         E       F
            +---------+---------+-------+---------+---------+-------
      Total |   10936 |    6321 |  36.6 |     168 |      30 |  15.2
            +---------+---------+-------+---------+---------+-------
        D:1 |      29 |       0 |   0.0 |      17 |       0 |   0.0
        D:2 |      23 |       0 |   0.0 |       7 |       0 |   0.0
        D:3 |      33 |      48 |  59.3 |      10 |       3 |  23.1
        D:4 |     208 |     223 |  51.7 |      15 |       8 |  34.8
        D:5 |     407 |     157 |  27.8 |       9 |       1 |  10.0
        D:6 |    1222 |     854 |  41.1 |      21 |       4 |  16.0
        D:7 |    1715 |       5 |   0.3 |      27 |       1 |   3.6
        D:8 |     412 |    2095 |  83.6 |      14 |       5 |  26.3
        D:9 |    3051 |    1647 |  35.1 |      29 |       4 |  12.1
       D:10 |    3836 |    1292 |  25.2 |      19 |       4 |  17.4
            +---------+---------+-------+---------+---------+-------

Illustrated notes

Table legend:
 A = Kills in this place as a percentage of kills in the entire game.
 B = Kills by you in this place as a percentage of kills by you in the entire game.
 C = Kills by friends in this place as a percentage of kills by friends in the entire game.
 D = Other kills in this place as a percentage of other kills in the entire game.
 E = Experience gained in this place as a percentage of experience gained in the entire game.
 F = Experience gained in this place divided by the number of levels of this place that you have seen.
                   A       B       C       D       E      F
               +-------+-------+-------+-------+-------+----------------------
         Total | 100.0 | 100.0 | 100.0 | 100.0 | 100.0 | 1568.8
       Dungeon | 100.0 | 100.0 | 100.0 | 100.0 | 100.0 | 1725.7
               +-------+-------+-------+-------+-------+----------------------

Table legend: (Time is in decaauts)
 A = Elapsed time spent in this place.
 B = Non-inter-level travel time spent in this place.
 C = Inter-level travel time spent in this place.
 D = Time resting spent in this place.
 E = Time spent auto-exploring this place.
 F = Levels seen in this place.
 G = Mean time per level.
                   A        B        C        D        E       F      G
               +--------+--------+--------+--------+--------+-----+--------+
         Total |   7691 |   7459 |    232 |    233 |   5798 |  11 |  699.2 |
       Dungeon |   7414 |   7206 |    208 |    233 |   5583 |  10 |  741.4 |
        Temple |    276 |    252 |     24 |      0 |    215 |   1 |  276.0 |
               +--------+--------+--------+--------+--------+-----+--------+

Top non-repeatable levels by time:
     D:1: 877 daAuts
     D:6: 808 daAuts
     D:8: 792 daAuts
     D:4: 763 daAuts
     D:9: 759 daAuts
     D:2: 758 daAuts
     D:3: 740 daAuts
    D:10: 676 daAuts
     D:7: 660 daAuts
     D:5: 578 daAuts
  Temple: 276 daAuts
